 Dungeon Crawl Stone Soup version 0.14-a0-2730-g72a2965 (webtiles) character file.

392 Econoterrorist the Covert (level 5, 0/24 HPs)
             Began as a Spriggan Enchanter on Feb 20, 2014.
             Slain by Dowan
             ... wielding a +3,+1 elven dagger of speed
              (4 damage)
             ... on Level 4 of the Dungeon.
             The game lasted 00:12:30 (2317 turns).

Econoterrorist the Covert (Spriggan Enchanter)      Turns: 2317, Time: 00:12:30

HP   0/24        AC  3     Str  5      XL: 5   Next: 89%
MP   4/18        EV 18     Int 16      God:
Gold 140         SH  0     Dex 17      Spells:  3 memorised,  7 levels left

rFire  . . .     SeeInvis +     m - +1,+3 dagger (flame)
rCold  . . .     Clarity  .     b - +1 robe
rNeg   . . .     Conserve .     (shield restricted)
rPois  .         rCorr    .     (helmet restricted)
rElec  .         rRot     .     (no cloak)
SustAb . .       Spirit   .     (gloves unavailable)
rMut   .         Warding  .     (boots unavailable)
Saprov . . .     Stasis   .     (no amulet)
MR     .....                    (no ring)
                                (no ring)

@: very slightly contaminated, very quick, not resistant to hostile
enchantments, very stealthy
A: unfitting armour, see invisible, herbivore 3, speed 3, slow metabolism 2
a: no special abilities


You were on level 4 of the Dungeon.
You were full.

You visited 1 branch of the dungeon, and saw 4 of its levels.

You collected 140 gold pieces.

Inventory:

Hand weapons
 a - a +1,+1 dagger
 l - a +2 elven blowgun
 m - a +1,+3 dagger of flaming (weapon)
Missiles
 d - 12 darts (quivered)
 n - 4 poisoned needles
Armour
 b - a +1 robe (worn)
Magical devices
 w - a wand of cold (10) {unknown}
Comestibles
 v - a bread ration
 C - a pear
Scrolls
 h - 2 scrolls of enchant weapon II
 k - 2 scrolls of curse weapon {unknown}
 o - a scroll of teleportation {unknown}
 p - a scroll of magic mapping {unknown}
 q - a scroll of curse jewellery {unknown}
 r - a scroll of remove curse {unknown}
 s - a scroll of identify {unknown}
 t - a scroll of fear {unknown}
 x - a scroll of immolation {unknown}
 y - a scroll of fog {unknown}
 D - a scroll of enchant armour {unknown}
Potions
 f - a potion of paralysis {unknown}
 g - 4 potions of restore abilities {unknown}
 i - 3 potions of flight {unknown}
 j - a potion of resistance {unknown}
 u - a potion of agility {unknown}
 z - a potion of curing {unknown}
 A - a potion of brilliance {unknown}
 B - a potion of poison {unknown}
Books
 c - a book of Maledictions

   Spells                             Type                      Level
   *Corona                            Hexes                        1
   Sure Blade                         Hexes/Charms                 2
   *Ensorcelled Hibernation           Hexes/Ice                    2
   *Confuse                           Hexes                        3
   Enslavement                        Hexes                        4
   Invisibility                       Hexes                        6


   Skills:
 - Level 1.1 Short Blades
 - Level 1.1 Throwing
 - Level 3.0 Dodging
 - Level 8.3 Stealth
 + Level 4.7 Spellcasting
 - Level 3.6 Hexes


You had 7 spell levels left.
You knew the following spells:

 Your Spells              Type           Power        Failure   Level  Hunger
a - Corona                Hex            ###....      4%          1    None
b - Ensorcelled Hibernat  Hex/Ice        #.....       14%         2    #......
c - Confuse               Hex            ###.....     12%         3    ###....


Dungeon Overview and Level Annotations

Branches:
Dungeon (4/16)
 Temple: D:4-7

Altars:
Cheibriados

Annotations:
D:4 Dowan


Innate Abilities, Weirdness & Mutations

You are tiny and cannot use many weapons and most armour.
You have supernaturally acute eyesight.
You are a herbivore.
You cover ground extremely quickly.
You need consume almost no food.


Message History

Dowan mumbles some strange words.
Dowan blinks!
The kobold hits you with a dagger.
You hit the kobold. You burn the kobold.
You kill the kobold!
Things that are here:
a dagger; an elven cutlass; a silvery potion
Casting: Ensorcelled Hibernation
Confirm with . or Enter, or press ? or * to list all spells.
Aiming: Ensorcelled Hibernation
Press: ? - help, Shift-Dir - straight line, f/p - Dowan
Aim: Dowan, wielding a glowing elven dagger and wearing an elven robe (moving very quickly) Dowan looks drowsy...
Dowan shouts!
Dowan says, "How can I live without her?"
Dowan gestures at you while chanting. The shard of ice hits you!
Ouch! That really hurt!
* * * LOW HITPOINT WARNING * * *
Dowan hits you with a glowing elven dagger.
You die...

#.......#...# #######
##.....##...# .......#
##...###.... #.......#
##### ##### #.......#
#... #)....?.# #...
#.......# #...
#.....$.############...
+....e@.).........>....
#.......###############
#.......# #########


You could see Dowan.

Vanquished Creatures
  Duvessa (D:4)
  A quasit (D:4)
  4 adders
  An orc zombie (D:3)
  A giant mite (D:1)
  A worm (D:2)
  An adder zombie (D:4)
  4 giant geckos
  An ooze (D:4)
  5 orcs
  6 bats
  7 giant cockroaches
  8 hobgoblins
  8 kobolds
  A ball python (D:1)
  5 giant newts
  10 goblins
  3 jackals (D:4)
  4 rats
72 creatures vanquished.

Vanquished Creatures (others)
  A kobold (D:4)
1 creature vanquished.

Grand Total: 73 creatures vanquished

Notes
Turn   | Place    | Note
--------------------------------------------------------------
     0 | D:1      | Econoterrorist, the Spriggan Enchanter, began the quest for the Orb.
     0 | D:1      | Reached XP level 1. HP: 9/9 MP: 4/4
    16 | D:1      | Reached skill level 4 in Stealth
    39 | D:1      | Reached XP level 2. HP: 13/13 MP: 7/7
    50 | D:1      | Learned a level 2 spell: Ensorcelled Hibernation
   232 | D:1      | Reached skill level 5 in Stealth
   484 | D:2      | Reached XP level 3. HP: 14/16 MP: 9/9
   526 | D:2      | Learned a level 3 spell: Confuse
   543 | D:2      | Reached skill level 6 in Stealth
   858 | D:2      | Reached XP level 4. HP: 11/21 MP: 9/12
  1537 | D:3      | Reached skill level 7 in Stealth
  1720 | D:3      | Found a snail-covered altar of Cheibriados.
  2052 | D:4      | Reached skill level 8 in Stealth
  2052 | D:4      | Reached XP level 5. HP: 24/24 MP: 8/14
  2302 | D:4      | Noticed Dowan
  2303 | D:4      | Noticed Duvessa
  2311 | D:4      | Killed Duvessa
  2317 | D:4      | Slain by Dowan

Action                   |  1- 3 |  4- 6 || total
-------------------------+-------+-------++-------
Melee: Dagger            |    68 |    94 ||   162
 Cast: Ensorcelled Hiber |    10 |    24 ||    34
       Confuse           |       |     2 ||     2
  Use: Scroll            |       |     7 ||     7
       Potion            |       |     1 ||     1
 Stab: Sleeping          |    19 |    23 ||    42
       Confused          |       |     1 ||     1
